 Dungeon Crawl Stone Soup version 0.18.1-5-g4a78601 (webtiles) character file.

42 dysrexia the Insei (level 3, -3/20 HPs)
             Began as a Tengu Transmuter on May 14, 2016.
             Killed by divine providence
             ... invoked by an orc priest
              (11 damage)
             ... on level 3 of the Dungeon.
             The game lasted 00:04:24 (1527 turns).

dysrexia the Insei (Tengu Transmuter)               Turns: 1527, Time: 00:04:24

Health: -3/20      AC:  3    Str: 10    XL:     3   Next: 56%
Magic:  7/7        EV: 12    Int: 13    God:
Gold:   110        SH:  0    Dex: 12    Spells: 2 memorised, 3 levels left

rFire  . . .     SeeInvis .       - Unarmed
rCold  . . .     Gourm    .     b - +0 robe
rNeg   . . .     Faith    .     (no shield)
rPois  .         Spirit   .     (helmet restricted)
rElec  .         Dismiss  .     q - +0 cloak
rCorr  .         Reflect  .     (no gloves)
SustAt .         Harm     .     (boots unavailable)
MR     .....     Rnd*Tele +     (no amulet)
Stlth  +.........               l - -3 ring of dexterity (curse)
                                y - ring of teleportation (curse)

@: very slightly contaminated, not resistant to hostile enchantments, very
unstealthy
A: beak, talons 3
a: no special abilities


You were on level 3 of the Dungeon.
You were not hungry.

You visited 1 branch of the dungeon, and saw 3 of its levels.

You collected 110 gold pieces.

Inventory:

Missiles
 a - 76 arrows
 h - 13 poisoned needles
Armour
 b - a +0 robe (worn)
 q - a +0 cloak (worn)
Jewellery
 f - an uncursed ring of protection from cold
 l - a cursed -3 ring of dexterity (right hand)
 y - a cursed ring of teleportation (left hand)
Scrolls
 i - a scroll of identify
 m - 3 scrolls of remove curse {unknown}
 o - a scroll of recharging {unknown}
 u - a scroll of fog {unknown}
 x - 2 scrolls of teleportation {unknown}
Potions
 e - a potion of might {unknown}
 g - 3 potions of heal wounds
 n - a potion of cure mutation {unknown}
 t - 2 potions of haste {unknown}
 v - a potion of curing {unknown}
 w - 3 potions of berserk rage {unknown}
 z - a potion of ambrosia {unknown}
Books
 c - a book of Changes

   Spells                             Type                      Level
   a - Beastly Appendage              Transmutation                1
   b - Sticks to Snakes               Transmutation                2
   c - Spider Form                    Transmutation/Poison         3
   d - Ice Form                       Ice/Transmutation            4
   e - Blade Hands                    Transmutation                5
Comestibles
 d - 2 bread rations
 j - a chunk of flesh
 p - a royal jelly
 r - a slice of pizza
 s - a beef jerky


   Skills:
 - Level 1.0 Fighting
 - Level 2.1 Dodging
 * Level 4.2 Unarmed Combat
 - Level 2.0 Spellcasting
 + Level 2.3 Transmutations


You had 3 spell levels left.
You knew the following spells:

 Your Spells              Type           Power        Failure   Level  Hunger
a - Beastly Appendage     Trmt           #.....       12%         1    ##.....
b - Sticks to Snakes      Trmt           #.......     17%         2    ###....


Dungeon Overview and Level Annotations

Branches:
Dungeon (3/15)

Altars:


Innate Abilities, Weirdness & Mutations

You have a beak for a mouth.
You have claws for feet.


Message History

You start resting.
You are suddenly yanked towards some nearby monsters!
Your surroundings suddenly seem different.
An orc comes into view. It is wielding an enchanted trident.
The orc shouts!
An orc priest comes into view. It is wielding a dagger of speed.
The orc priest shouts!
An orc comes into view. It is wielding a club.
The orc shouts!
Found 8 gold pieces and a scroll labeled IMMUUDD TUTSAE. 2 orcs and a skeleton come into view.
There is a shaft here.
Found 22 stones.
You hit the orc. You claw the orc, but do no damage.
The orc is heavily wounded.
The orc closely misses you.
The orc priest mumbles some strange prayers to Beogh against you.
Beogh smites you!
Ouch! That really hurt!
You die...

##########
#.....o.o# ###..
#.######.#....(.
#o###..o........
##.....o.##.####.
#@..##...# .#
#.###.##Z## # #.
#...o# .. #.....#
###...###.... ##.
#..##.# # #?.# #
#..# #..#


You could see an orc priest and 2 orcs.

Vanquished Creatures
  An adder (D:2)
  A dart slug (D:2)
  3 giant cockroaches
  3 goblins
  5 hobgoblins
  2 kobolds
  2 quokkas
  2 bats (D:2)
  2 giant newts (D:2)
  11 rats
32 creatures vanquished.

Notes
Turn   | Place    | Note
--------------------------------------------------------------
     0 | D:1      | dysrexia the Tengu Transmuter began the quest for the Orb.
     0 | D:1      | Reached XP level 1. HP: 12/12 MP: 4/4
   124 | D:1      | Reached XP level 2. HP: 13/16 MP: 4/6
   133 | D:1      | Learned a level 2 spell: Sticks to Snakes
   759 | D:2      | Reached skill level 4 in Unarmed Combat
   943 | D:2      | Reached XP level 3. HP: 18/20 MP: 5/7
  1527 | D:3      | Killed from afar by an orc priest

Skill      XL: |  1  2 |
---------------+-------+-----
Transmutations | 2 |  2.3
Unarmed Combat | 4 |  4.2
Fighting       | |  1.0
Dodging        | |  2.1
Spellcasting   | |  2.0

Action                   || total
-------------------------++-------
Melee: Unarmed           ||    84
       Kick              ||    23
       Headbutt          ||     3
       Peck              ||    13
       Punch             ||     1
 Cast: Beastly Appendage ||     6
  Use: Scroll            ||     2
 Stab: Sleeping          ||     3
  Eat: Chunk             ||     2
Armor: Robe              ||     9
Dodge: Dodged            ||    32
